 Dungeon Crawl Stone Soup version 0.26.0-57-g60708a5e39 (webtiles) character file.

Game seed: 2162143351574123182

126 Gadfly the Cudgeller (level 5, -2/50 HPs)
             Began as an Ogre Gladiator on Feb 2, 2021.
             Slain by a bullfrog (4 damage)
             ... on level 3 of the Dungeon.
             The game lasted 00:02:28 (1755 turns).

Gadfly the Cudgeller (Ogre Gladiator)               Turns: 1755, Time: 00:02:28

Health: -2/50      AC:  3    Str: 19    XL:     5   Next: 9%
Magic:  6/6        EV: 10    Int:  9    God:
Gold:   61         SH:  0    Dex: 10    Spells: 4/4 levels left

rFire    . . .     SeeInvis .   a - +0 flail
rCold    . . .     Faith    .   (no shield)
rNeg     . . .     Spirit   .   f - +0 robe (curse)
rPois    .         Reflect  .   c - +0 hat
rElec    .         Harm     .   (no cloak)
rCorr    .         Rampage  .   (gloves unavailable)
Will     .....                  (boots unavailable)
Stlth    +.........             (no amulet)
HPRegen  0.16/turn              (no ring)
MPRegen  0.10/turn              (no ring)

@: no status effects
A: large, unfitting armour, tough skin 1
a: no special abilities


You were on level 3 of the Dungeon.
You visited 1 branch of the dungeon, and saw 4 of its levels.

You collected 61 gold pieces.

Inventory:

Hand Weapons
 a - a +0 flail (weapon)
Missiles
 b - 55 stones (quivered)
 d - 2 throwing nets
Armour
 c - a +0 hat (worn)
 f - a cursed +0 robe (worn)
Jewellery
 i - an uncursed ring of willpower {unknown}
Potions
 g - a potion of magic {unknown}


   Skills:
 - Level 2.6 Fighting
 + Level 3.1 Maces & Flails
 + Level 2.5 Throwing
 * Level 1.7 Armour
 - Level 2.6 Dodging
 * Level 2.2 Invocations
 * Level 1.6 Evocations


You had 4 spell levels left.
You didn't know any spells.
Your spell library was empty.

Dungeon Overview and Level Annotations

Branches:
Dungeon (4/15)
 Temple: D:4-7

Altars:
Hepliaklqana


Innate Abilities, Weirdness & Mutations

You are too large for most types of armour.
You have tough skin. (AC +1)


Message History

You completely miss the bullfrog.
The bullfrog is moderately wounded.
The bullfrog hits you. x2
* * * LOW HITPOINT WARNING * * *
You closely miss the bullfrog.
The bullfrog is moderately wounded.
The bullfrog hits you!
* * * LOW HITPOINT WARNING * * *
The bullfrog hits you.
* * * LOW HITPOINT WARNING * * *
You barely miss the bullfrog.
The bullfrog is moderately wounded.
The bullfrog hits you.
* * * LOW HITPOINT WARNING * * *
You completely miss the bullfrog.
The bullfrog is moderately wounded.
The bullfrog hits you.
* * * LOW HITPOINT WARNING * * *
The bullfrog hits you.
You die...

#### #.# ..# #.# #.###
#.# #######...# #.#
.....oF...# #.# #@..#
#.# ######..## #.#
........#############>#
#######..........[....#
#################


You could see a bullfrog and an orc.

Vanquished Creatures
  A hound (D:4)
  Natasha (twice) (D:2)
  An adder (D:2)
  A worm (D:2)
  2 bats
  3 giant cockroaches (D:1)
  6 goblins
  7 hobgoblins
  3 kobolds
  A frilled lizard (D:1)
  2 rats (D:1)
29 creatures vanquished.

Vanquished Creatures (others)
  6 plants (D:1)
6 creatures vanquished.

Grand Total: 35 creatures vanquished

Notes
Turn   | Place    | Note
-------+----------+-------------------------------------------
     0 | D:1      | Gadfly the Ogre Gladiator began the quest for the Orb.
     0 | D:1      | Reached XP level 1. HP: 22/22 MP: 1/1
   140 | D:1      | Reached XP level 2. HP: 26/29 MP: 2/2
   366 | D:1      | Reached skill level 1 in Invocations
   425 | D:1      | Reached skill level 1 in Armour
   781 | D:2      | Reached XP level 3. HP: 20/36 MP: 3/3
   934 | D:2      | Noticed Natasha
   942 | D:2      | Killed Natasha
   943 | D:2      | Reached skill level 1 in Evocations
   943 | D:2      | Reached XP level 4. HP: 38/44 MP: 3/5
  1317 | D:2      | Reached skill level 3 in Maces & Flails
  1320 | D:2      | Noticed Natasha
  1346 | D:2      | Killed Natasha
  1632 | D:2      | Found a hazy altar of Hepliaklqana.
  1677 | D:2      | You fall into a shaft and drop 2 floors!
  1681 | D:4      | Reached XP level 5. HP: 44/50 MP: 6/6
  1755 | D:3      | HP: 2/50 [bullfrog (1)]
  1755 | D:3      | Slain by a bullfrog

Illustrated notes

Levels and vault maps discovered:
D:1:      wander_arrival_lonely_grave, layout_loops_ring, serial_bayou,
          serial_bayou_pond_a, serial_bayou_pond_e, serial_bayou_pond_c,
          serial_bayou_lagoon_a, minmay_fountain_box, minmay_pentomino_s2
D:2:      layout_loops_corners, nicolae_overflow_hidden_temple, minitemple,
          uniq_sigmund, uniq_natasha
D:3:      layout_loops_ring
D:4:      layout_cave_pools, nicolae_gozag_seed_capital, ebering_ghost_sewer_d,
          trog_butcher_becter, uniq_robin

Skill      XL: |  1  2  3  4 |
---------------+-------------+-----
Invocations    | 1 2 |  2.2
Armour         | 1 |  1.7
Evocations     | 1 |  1.6
Maces & Flails | 3 |  3.1
Fighting       | |  2.6
Throwing       | |  2.5
Dodging        | |  2.6

Action                   |  1- 3 |  4- 6 || total
-------------------------+-------+-------++-------
Melee: Flail             |    59 |    45 ||   104
Throw: Throwing net      |     1 |       ||     1
  Use: Scroll            |     1 |     1 ||     2
       Potion            |       |     1 ||     1
 Stab: Sleeping          |     3 |     1 ||     4
Armor: Robe              |    11 |    11 ||    22
Dodge: Dodged            |    36 |    37 ||    73
